 Dungeon Crawl Stone Soup version 0.22-a0-32-ga749362 (webtiles) character file.

235 zxkuqyb the Chopper (level 5, -3/47 HPs)
             Began as a Minotaur Berserker on Jan 4, 2018.
             Was a Believer of Trog.
             Slain by a sky beast (6 damage)
             ... on level 4 of the Dungeon.
             The game lasted 00:05:51 (2556 turns).

zxkuqyb the Chopper (Minotaur Berserker)            Turns: 2556, Time: 00:05:52

Health: -3/47      AC:  6    Str: 23    XL:     5   Next: 76%
Magic:  4/4        EV:  8    Int:  4    God:    Trog [**....]
Gold:   117        SH:  1    Dex:  9    Spells: 4/4 levels left

rFire    . . .     SeeInvis .   a - +0 hand axe
rCold    . . .     Gourm    .   o - -1 buckler (curse)
rNeg     . . .     Faith    .   n - +1 chain mail
rPois    .         Spirit   .   (helmet restricted)
rElec    .         Reflect  .   k - -1 cloak (curse)
rCorr    .         Harm     .   (no gloves)
MR       .....                  (no boots)
Stlth    ..........             (no amulet)
HPRegen  0.15/turn              (no ring)
MPRegen  0.09/turn              (no ring)

@: no status effects
A: retaliatory headbutt, beak, horns 2, deformed body
a: Berserk, Trog's Hand, Burn Spellbooks, Renounce Religion


You were on level 4 of the Dungeon.
You worshipped Trog.
Trog was pleased with you.
You were not hungry.

You visited 1 branch of the dungeon, and saw 4 of its levels.

You collected 117 gold pieces.

Inventory:

Hand Weapons
 a - a +0 hand axe (weapon)
Armour
 b - a +0 animal skin
 e - a +0 ring mail
 k - a cursed -1 cloak (worn)
 n - a +1 chain mail (worn)
 o - a cursed -1 buckler (worn)
Wands
 j - a wand of disintegration (17)
Scrolls
 g - a scroll of enchant armour
 p - 3 scrolls of identify
 q - a scroll of teleportation
Potions
 d - 2 potions of haste
 f - 2 potions of degeneration
 h - a potion of berserk rage
 i - a potion of curing
 l - a potion of ambrosia
 m - a potion of flight
 r - a potion of lignification {unknown}
 s - a potion of cancellation {unknown}
Comestibles
 c - 7 rations


   Skills:
 + Level 4.8 Fighting
 * Level 5.7 Axes
 + Level 3.8 Armour
 + Level 3.5 Dodging


You had 4 spell levels left.
You didn't know any spells.

Dungeon Overview and Level Annotations

Branches:
Dungeon (4/15)
 Temple: D:4-7

Altars:
Ashenzari


Innate Abilities, Weirdness & Mutations

You reflexively headbutt those who attack you in melee.
You have a pair of horns on your head.
You have a beak for a mouth.
Armour fits poorly on your strangely shaped body.


Message History

The sky beast is heavily wounded.
The sky beast closely misses you.
Your chain mail prevents you from hitting the sky beast.
Your headbutt misses the sky beast.
You peck the sky beast, but do no damage.
The sky beast is heavily wounded.
The sky beast hits you but does no damage.
You closely miss the sky beast.
The sky beast is heavily wounded.
The sky beast barely misses you. You furiously retaliate!
You headbutt the sky beast. You closely miss the sky beast.
The sky beast is heavily wounded.
You block the sky beast's attack.
You hit the sky beast.
The sky beast is heavily wounded.
The sky beast hits you.
* * * LOW HITPOINT WARNING * * *
The sky beast shocks you.
You die...

#>..#####.# #.#.#
#.........#####....
#...####(........#.
##.## #............
#.# #.#.#######.#
#.# #.#.# #.# #.#
#.#.# #.# #.# #.#.#
#.. #@#
#.#.######### #.Y.#
#.<.......... #.###
#####.####### #.
#.# # #.# #.# #.#
#.# #.#


You could see a sky beast.

Vanquished Creatures
  An ogre (D:3)
  A hound (D:4)
  An iguana (D:3)
  4 adders
  An ooze (D:3)
  A worm (D:2)
  A leopard gecko (D:1)
  A giant cockroach (D:3)
  7 goblins
  7 hobgoblins
  3 jackals (D:1)
  2 quokkas (D:2)
  7 bats
  7 frilled lizards
  8 kobolds
  4 rats
56 creatures vanquished.

Notes
Turn   | Place    | Note
-------+----------+-------------------------------------------
     0 | D:1      | zxkuqyb the Minotaur Berserker began the quest for the Orb.
     0 | D:1      | Reached XP level 1. HP: 19/19 MP: 0/0
   183 | D:1      | Reached XP level 2. HP: 24/27 MP: 1/1
   258 | D:1      | Reached skill level 4 in Axes
   971 | D:2      | Reached XP level 3. HP: 33/33 MP: 2/2
  1019 | D:2      | Reached ** piety under Trog
  1434 | D:2      | Found a shattered altar of Ashenzari.
  1440 | D:2      | Reached XP level 4. HP: 40/40 MP: 3/3
  1676 | D:2      | Gained mutation: Armour fits poorly on your strangely shaped body. [potion of mutation]
  1676 | D:2      | Gained mutation: You have a beak for a mouth. [potion of mutation]
  1705 | D:3      | Noticed an ogre
  1712 | D:3      | Killed an ogre
  1712 | D:3      | Reached skill level 5 in Axes
  1712 | D:3      | Reached XP level 5. HP: 38/47 MP: 4/4
  2540 | D:4      | Noticed a sky beast
  2556 | D:4      | Slain by a sky beast

Vault maps used:
D:1:      minmay_arrival_plants_in_alcoves
D:2:      marbit_many_paths
D:4:      feat_on_display, uniq_ijyb

Skill      XL: |  1  2  3  4 |
---------------+-------------+-----
Axes           | 4 5 |  5.7
Fighting       | 4 |  4.8
Armour         | 3 |  3.8
Dodging        | 3 |  3.5

Action                   |  1- 3 |  4- 6 || total
-------------------------+-------+-------++-------
Melee: Hand axe          |    89 |    59 ||   148
       Headbutt          |    11 |     9 ||    20
       Peck              |       |    11 ||    11
  Use: Scroll            |       |    10 ||    10
       Potion            |       |     1 ||     1
 Stab: Sleeping          |     1 |       ||     1
  Eat: Chunk             |     2 |     3 ||     5
Armor: Animal skin       |     3 |       ||     3
       Ring mail         |    19 |       ||    19
       Chain mail        |     5 |    29 ||    34
Dodge: Dodged            |    55 |    31 ||    86
Block: Buckler           |       |     5 ||     5

Table legend:
 A = Spawn XP
 B = Non-spawn XP
 C = Spawn XP percentage of total XP
 D = Spawn monster count
 E = Non-spawn monster count
 F = Spawn count percentage of total count
 G = Total turns spent on level
                    A         B        C        D         E        F      G
               +---------+---------+-------+---------+---------+-------+---------
         Total |       0 |     336 |   0.0 |       0 |      56 |   0.0 |  2556
               +---------+---------+-------+---------+---------+-------+---------
           D:1 |       0 |      39 |   0.0 |       0 |      24 |   0.0 |   966
           D:2 |       0 |      58 |   0.0 |       0 |      12 |   0.0 |   724
           D:3 |       0 |     196 |   0.0 |       0 |      18 |   0.0 |   749
           D:4 |       0 |      43 |   0.0 |       0 |       2 |   0.0 |   117
               +---------+---------+-------+---------+---------+-------+---------
